 Dungeon Sprint DCSS version 0.30-a0-385-gfebfb9b408 (webtiles) character file.

Game seed: 3209530367999540910

29808 rocky1 the Severer (level 13, -9/162 HPs)
             Began as an Ogre Monk on Dec 2, 2022.
             Was a High Priest of Cheibriados.
             Mangled by a naga warrior
             ... wielding a +0 mace
              (23 damage)
             ... in the Dungeon (Sprint VII: "The Pits").
             The game lasted 00:12:47 (5020 turns).

rocky1 the Severer (Ogre Monk)                      Turns: 5020, Time: 00:12:48

Health: -9/162     AC:  3    Str: 37    XL:     13   Next: 47%
Magic:  21/27      EV: 24    Int: 32    God:    Cheibriados [*****.]
Gold:   0          SH:  0    Dex: 26    Spells: 32/32 levels left

rFire   . . .      SeeInvis .    q - +1 broad axe of Woe {vorpal, rElec Str+2 Int+5 Dex+2}
rCold   . . .      Faith    .    (no shield)
rNeg    + . .      Spirit   .    s - +0 robe {rN+}
rPois   .          Reflect  .    (helmet restricted)
rElec   +          Harm     .    (no cloak)
rCorr   .          Rampage  .    (gloves unavailable)
Will    +....      NoTele   +    (boots unavailable)
Stlth   ++++......               (no amulet)
HPRegen 0.47/turn                n - +3 ring of intelligence
MPRegen 0.20/turn                o - +3 ring of evasion

@: lethally poisoned (-9 -> -12), very slow
A: large, unfitting armour, tough skin 1
a: Renounce Religion, Bend Time, Temporal Distortion, Slouch, Step From Time


You were in the Dungeon.
You worshipped Cheibriados.
Cheibriados was extremely pleased with you.
You visited 1 branch

Inventory:

Hand Weapons
 a - a +3 battleaxe
 m - a +0 flail of protection
 q - the +1 broad axe of Woe (weapon) {vorpal, rElec Str+2 Int+5 Dex+2}
   (You found it in the Dungeon)

   It inflicts extra damage upon your enemies.
   Str:       It affects your strength (+2).
   Int:       It affects your intelligence (+5).
   Dex:       It affects your dexterity (+2).
   rElec:     It insulates you from electricity.
 r - a +2 morningstar of protection
 D - a +4 dire flail of holy wrath
Missiles
 f - 5 poisoned darts (quivered)
 C - 5 silver javelins
Armour
 b - a +0 robe
 s - a +0 robe of positive energy (worn)
Jewellery
 n - a +3 ring of intelligence (left hand)
 o - a +3 ring of evasion (right hand)
 w - a ring of ice
 x - a ring of magical power
 y - a ring of see invisible
 z - a ring of fire
Scrolls
 i - 3 scrolls of butterflies
 k - 5 scrolls of amnesia
 l - a scroll of summoning
 t - 6 scrolls of enchant armour
 u - 2 scrolls of blinking
Potions
 c - a potion of ambrosia
 d - 11 potions of curing
 e - 3 potions of heal wounds
 g - 2 potions of magic
 h - 2 potions of berserk rage
 j - 2 potions of invisibility
 p - a potion of might
 A - a potion of attraction
 B - 2 potions of brilliance
Miscellaneous
 v - a lightning rod (4/4)


   Skills:
 + Level 19.1 Fighting
 * Level 20.0(21.1) Axes
 - Level 10.6(15.7) Maces & Flails
 + Level 1.3 Throwing
 * Level 5.4 Armour
 + Level 12.5 Dodging
 + Level 7.1 Stealth
 * Level 10.0 Spellcasting
 - Level 15.0 Invocations


You had 32 spell levels left.
You didn't know any spells.
Your spell library was empty.

Dungeon Overview and Level Annotations

Branches:
Dungeon (1/1)

Altars:
Ashenzari
Cheibriados
Dithmenos
Elyvilon
Fedhas
Gozag
Hepliaklqana
Kikubaaqudgha
Makhleb
Nemelex Xobeh
Okawaru
Qazlal
Ru
Sif Muna
Trog
Uskayaw
Vehumet
Wu Jian
Xom
Yredelemnul
Zin
The Shining One
Jiyva
Lugonu


Innate Abilities, Weirdness & Mutations

You are too large for most types of armour.
You have tough skin. (AC +1)


Message History

Something hits you!
* * * LOW HITPOINT WARNING * * *
Unknown command.
Okay, then.
You feel much better. Something hits you!
* * * LOW HITPOINT WARNING * * *
Unknown command.
You feel much better.
You hear some strange, mumbled words.
Unknown command.
Magic courses through your body. Something hits you!
* * * LOW HITPOINT WARNING * * *
Something completely misses you.
Unknown command.
Activating: Slouch (0% risk of failure)
Press: ? - help, Dir - look around, f - activate You can feel time thicken for a moment.
Cheibriados thoroughly appreciates the change of pace.
Cheibriados raises the support of your attributes as your movement slows.
Reactivating autopickup.
You feel a bit more experienced.
Cheibriados lowers the support of your attributes as your movement quickens.
The naga warrior barely misses you. The naga warrior misses you.
Your base Axes skill increases to level 20!
Your Spellcasting skill increases to level 10!
Unknown command.
You hit the naga warrior.
The naga warrior is lightly wounded.
You hit the naga warrior.
The naga warrior is moderately wounded.
You recover from your berserk rage.
The naga warrior spits poison at you. The splash of poison hits you!
You are poisoned.
* * * LOW HITPOINT WARNING * * *
You slash the naga warrior!
The naga warrior is heavily wounded.
You feel sick.
The naga warrior hits you with a +0 mace!!
You die...

....# ....# .#..# ....+ ....+
##++#
##++#############################
##..))........)).N..((...........
##..))....)..)))@))).............
##..##############''#############
##..# #..).).# #..# #......# #..#
#......# #..# ###..### #..# ...N
#..# .... ##..# ....#


You could see a naga warrior.

Vanquished Creatures
  A ghost moth (D)
  2 orc warlords (D)
  A black draconian (D)
  A minotaur (D)
  2 yaktaur captains (D)
  2 vault guards (D)
  A hydra (D)
  A boulder beetle (D)
  An alligator (D)
  2 death yaks (D)
  A naga warrior (D)
  A soul eater (D)
  A deep elf knight (D)
  A fire crab (D)
  A spriggan druid (D)
  12 orc knights (D)
  A manticore (D)
  A deep elf zephyrmancer (D)
  Joseph (D)
  A black mamba (D)
  A smoke demon (D)
  A cane toad (D)
  A merfolk siren (D)
  5 elephants (D)
  A molten gargoyle (D)
  A gargoyle (D)
  2 kobold demonologists (D)
  6 yaktaurs (D)
  2 red devils (D)
  A tyrant leech (D)
  A guardian mummy (D)
  A hornet (D)
  A merfolk (D)
  A tarantella (D)
  A spriggan (D)
  A water elemental (D)
  2 ynoxinuls (D)
  A fire elemental (D)
  A steam dragon (D)
  6 yaks (D)
  3 vampire mosquitoes (D)
  2 redbacks (D)
  A water moccasin (D)
  A sky beast (D)
  An ice beast (D)
  2 orc warriors (D)
  A black bear (D)
  A black bear (shapeshifter) (D)
  An ogre (D)
  9 wolves (D)
  2 centaurs (D)
  2 kobold brigands (D)
  A scorpion (D)
  4 wights (D)
  4 orc priests (D)
  A gnoll bouda (D)
  Jessica (D)
  An iguana (D)
  3 orc wizards (D)
  4 gnolls (D)
  An ufetubus (D)
  An adder skeleton (D)
  A worm (D)
  8 orcs (D)
  A bat skeleton (D)
  A goblin (D)
  A hobgoblin (D)
  2 jackals (D)
  2 quokkas (D)
  2 ball pythons (D)
  A ball python zombie (D)
  A bat (D)
  A frilled lizard (D)
  2 kobolds (D)
  A quokka simulacrum (D)
  A quokka zombie (D)
144 creatures vanquished.

Vanquished Creatures (others)
  A quokka (D)
1 creature vanquished.

Grand Total: 145 creatures vanquished

Notes
Turn   | Place    | Note
-------+----------+-------------------------------------------
     0 | D        | rocky1 the Ogre Monk began the quest for the Orb.
     0 | D        | Reached XP level 1. HP: 24/24 MP: 1/1
    18 | D        | Found a bloodstained altar of Trog.
    18 | D        | Found a shimmering blue altar of Sif Muna.
    18 | D        | Found a viscous altar of Jiyva.
    18 | D        | Found a hazy altar of Hepliaklqana.
    18 | D        | Found an opulent altar of Gozag.
    19 | D        | Found a glowing golden altar of the Shining One.
    19 | D        | Found a glowing silver altar of Zin.
    19 | D        | Found a basalt altar of Yredelemnul.
    19 | D        | Found a shimmering altar of Xom.
    19 | D        | Found an ornate altar of the Wu Jian Council.
    19 | D        | Found a sacrificial altar of Ru.
    19 | D        | Found a stormy altar of Qazlal.
    19 | D        | Found an iron altar of Okawaru.
    19 | D        | Found a sparkling altar of Nemelex Xobeh.
    19 | D        | Found a burning altar of Makhleb.
    19 | D        | Found a blossoming altar of Fedhas.
    19 | D        | Found a white marble altar of Elyvilon.
    19 | D        | Found a shadowy altar of Dithmenos.
    19 | D        | Found a snail-covered altar of Cheibriados.
    22 | D        | Found a corrupted altar of Lugonu.
    22 | D        | Found a radiant altar of Vehumet.
    23 | D        | Found an ancient bone altar of Kikubaaqudgha.
    23 | D        | Found a hide-covered altar of Uskayaw.
    23 | D        | Found a broken altar of Ashenzari.
    30 | D        | Became a worshipper of Cheibriados the Contemplative
    30 | D        | Reached * piety under Cheibriados
    30 | D        | Reached ** piety under Cheibriados
    94 | D        | Reached *** piety under Cheibriados
    95 | D        | Reached skill level 5 in Fighting
    95 | D        | Reached XP level 2. HP: 28/35 MP: 2/2
   119 | D        | Noticed a scorpion
   120 | D        | Noticed an ice beast
   124 | D        | Killed a scorpion
   125 | D        | Reached XP level 3. HP: 46/46 MP: 3/3
   125 | D        | Reached XP level 4. HP: 55/55 MP: 4/4
   125 | D        | Reached **** piety under Cheibriados
   297 | D        | Killed an ice beast
   298 | D        | Reached skill level 5 in Dodging
   298 | D        | Reached XP level 5. HP: 40/66 MP: 5/5
   439 | D        | Reached ***** piety under Cheibriados
   446 | D        | Reached XP level 6. HP: 31/78 MP: 6/6
   451 | D        | Reached skill level 10 in Fighting
   610 | D        | Reached ****** piety under Cheibriados
   633 | D        | Reached XP level 7. HP: 70/88 MP: 3/9
   976 | D        | Reached skill level 1 in Axes
  1234 | D        | Noticed a vampire mosquito
  1237 | D        | Killed a vampire mosquito
  1238 | D        | Reached skill level 2 in Axes
  1239 | D        | Noticed Jessica
  1246 | D        | Reached skill level 5 in Invocations
  1246 | D        | Reached XP level 8. HP: 97/98 MP: 11/11
  1246 | D        | Killed Jessica
  1247 | D        | Reached skill level 3 in Axes
  1259 | D        | Noticed a cane toad
  1262 | D        | Killed a cane toad
  1263 | D        | Reached skill level 4 in Axes
  1263 | D        | Reached skill level 10 in Maces & Flails
  1371 | D        | Got the +1 broad axe of Woe {vorpal, rElec Str+2 Int+5
                  | Dex+2}
  1438 | D        | Noticed a death yak
  1449 | D        | Killed a death yak
  1450 | D        | Reached skill level 5 in Axes
  1450 | D        | Reached XP level 9. HP: 87/110 MP: 12/14
  1453 | D        | Reached skill level 6 in Axes
  1537 | D        | Noticed a hornet
  1544 | D        | Killed a hornet
  1545 | D        | Reached skill level 7 in Axes
  1550 | D        | Killed a ghost moth
  1551 | D        | Reached skill level 8 in Axes
  1551 | D        | Reached skill level 10 in Dodging
  1551 | D        | Reached skill level 5 in Stealth
  1551 | D        | Reached skill level 10 in Invocations
  1551 | D        | Reached XP level 10. HP: 54/120 MP: 1/17
  1720 | D        | Noticed Joseph
  1731 | D        | Killed Joseph
  1999 | D        | Noticed an alligator
  2001 | D        | Noticed a manticore
  2010 | D        | Killed an alligator
  2011 | D        | Reached skill level 9 in Axes
  2011 | D        | Killed a manticore
  2296 | D        | Noticed a boulder beetle
  2296 | D        | Noticed an elephant
  2296 | D        | Noticed an elephant
  2296 | D        | Noticed an elephant
  2296 | D        | Noticed an elephant
  2297 | D        | Noticed an elephant
  2297 | D        | Noticed a smoke demon
  2302 | D        | Killed an elephant
  2302 | D        | Killed a smoke demon
  2303 | D        | Reached skill level 10 in Axes
  2303 | D        | Killed an elephant
  2304 | D        | Killed an elephant
  2305 | D        | Killed an elephant
  2306 | D        | Reached XP level 11. HP: 48/131 MP: 5/21
  2306 | D        | Killed a boulder beetle
  2307 | D        | Reached skill level 11 in Axes
  2562 | D        | Noticed a six-headed hydra
  2562 | D        | Noticed a bone dragon
  2562 | D        | Noticed an anaconda
  2562 | D        | Noticed a soul eater
  2562 | D        | Noticed an alligator
  2562 | D        | Noticed an alligator
  2578 | D        | Killed a soul eater
  2579 | D        | Reached skill level 15 in Fighting
  2807 | D        | Reached skill level 12 in Axes
  2807 | D        | Reached skill level 15 in Invocations
  2823 | D        | Noticed a death yak
  2825 | D        | Noticed a soul eater
  2831 | D        | Killed a death yak
  2832 | D        | Reached skill level 13 in Axes
  3006 | D        | Reached skill level 14 in Axes
  3262 | D        | Noticed a fire crab
  3274 | D        | Killed a fire crab
  3275 | D        | Reached skill level 5 in Spellcasting
  3532 | D        | Reached skill level 15 in Axes
  3532 | D        | Reached XP level 12. HP: 87/144 MP: 23/23
  3718 | D        | Reached skill level 16 in Axes
  4010 | D        | Noticed a minotaur
  4022 | D        | Killed a minotaur
  4023 | D        | Reached skill level 1 in Armour
  4363 | D        | Noticed an orc warlord
  4363 | D        | Noticed an orc warlord
  4373 | D        | Reached skill level 17 in Axes
  4375 | D        | Killed an orc warlord
  4396 | D        | Reached skill level 18 in Axes
  4495 | D        | Noticed a naga warrior
  4501 | D        | Killed a naga warrior
  4685 | D        | Noticed a yaktaur captain
  4692 | D        | Killed a yaktaur captain
  4693 | D        | Reached XP level 13. HP: 109/158 MP: 25/25
  4926 | D        | Noticed a vault guard
  4937 | D        | Noticed a vault guard
  4941 | D        | Reached skill level 19 in Axes
  4942 | D        | Killed a vault guard
  4943 | D        | Killed an orc warlord
  4946 | D        | Noticed a black draconian
  4961 | D        | Noticed a yaktaur captain
  4963 | D        | Killed a black draconian
  4964 | D        | Reached skill level 1 in Throwing
  4967 | D        | Reached skill level 5 in Armour
  4976 | D        | Killed a yaktaur captain
  4983 | D        | Killed a vault guard
  5013 | D        | HP: 7/162 [something (7)]
  5018 | D        | Reached skill level 20 in Axes
  5018 | D        | Reached skill level 10 in Spellcasting
  5020 | D        | Mangled by a naga warrior

Illustrated notes

Levels and vault maps discovered:
D:        pitsprint [storerooms_1, entrance_room_1, metal_vault_3, armoury_1,
          mini_pit_1, grid_room_1, main_hall_1, silver_pit, the_coven_2,
          the_vestibule_1, steel_vault_3, golden_pit, hallway_of_sentries,
          crystal_vault_4, iron_vault_4, final_vault]

Skill      XL: |  1  2  3  4  5  6  7  8  9 10 11 12 13 |
---------------+----------------------------------------+-----
Maces & Flails | 3 4 6 7 8 9 10 | 10.6
Dodging        | 3 4 5 6 7 9 10 11 12 | 12.5
Fighting       | 5 7 8 9 11 13 14 16 17 19 | 19.1
Stealth        | 2 3 4 5 6 7 |  7.1
Invocations    | 2 5 7 10 13 15 | 15.0
Axes           | 2 5 8 10 15 18 20 | 20.0
Spellcasting   | 5 8 10 | 10.0
Armour         | 3 5 |  5.4
Throwing       | 1 |  1.3

Action                   |  1- 3 |  4- 6 |  7- 9 | 10-12 | 13-15 || total
-------------------------+-------+-------+-------+-------+-------++-------
Melee: Mace              |    21 |    17 |       |       |       ||    38
       Flail             |       |    35 |    42 |       |       ||    77
       Broad axe         |       |       |    15 |   112 |    43 ||   170
       Punch             |       |       |       |       |     2 ||     2
Throw: Dart              |       |       |       |       |     5 ||     5
Invok: Slouch            |       |     1 |     5 |    26 |     9 ||    41
  Use: Potion            |     2 |       |       |     8 |     7 ||    17
       Scroll            |       |       |       |     1 |       ||     1
 Stab: Sleeping          |     1 |       |     3 |     1 |       ||     5
Armor: Robe              |    10 |    13 |    20 |     8 |       ||    51
Dodge: Dodged            |    22 |    52 |    52 |   133 |    36 ||   295

Table legend: (Time is in decaauts)
 A = Elapsed time spent in this place.
 B = Non-inter-level travel time spent in this place.
 C = Inter-level travel time spent in this place.
 D = Time resting spent in this place.
 E = Time spent auto-exploring this place.
 F = Levels seen in this place.
 G = Mean time per level.
                   A        B        C        D        E       F      G
               +--------+--------+--------+--------+--------+-----+--------+
         Total |   5742 |   5527 |    215 |   3760 |      0 |   1 | 5742.0 |
       Dungeon |   5742 |   5527 |    215 |   3760 |      0 |   1 | 5742.0 |
               +--------+--------+--------+--------+--------+-----+--------+

Top non-repeatable levels by time:
       D: 5742 daAuts
